 Dungeon Crawl Stone Soup version 0.26-b1-32-g5d43845318 (webtiles) character file.

Game seed: 14884483390804112641

128 wakim the Changer (level 5, -22/37 HPs)
             Began as a Merfolk Transmuter on Jan 11, 2021.
             Was a Follower of Jiyva.
             Blown up by Ijyb (26 damage)
             ... with a disintegration bolt
             ... on level 3 of the Dungeon.
             The game lasted 00:11:43 (3149 turns).

wakim the Changer (Merfolk Transmuter)              Turns: 3149, Time: 00:11:44

Health: -22/37     AC:  7    Str: 10    XL:     5   Next: 12%
Magic:  8/8        EV: 14    Int: 13    God:    Jiyva [*.....]
Gold:   104        SH:  0    Dex: 15    Spells: 5/9 levels left

rFire    . . .     SeeInvis .   d - +0 whip
rCold    . . .     Faith    .   (no shield)
rNeg     . . .     Spirit   .   j - +0 robe
rPois    .         Reflect  .   g - +0 helmet
rElec    .         Harm     .   n - -1 cloak (curse)
rCorr    .         Rampage  .   k - +2 pair of gloves
Will     .....                  e - +0 pair of boots
Stlth    +.........             (no amulet)
HPRegen  0.12/turn              (no ring)
MPRegen  0.11/turn              (no ring)

@: no status effects
A: change form in water, swift swim, stealthy swim
a: Renounce Religion, Request Jelly


You were on level 3 of the Dungeon.
You worshipped Jiyva.
Jiyva was aware of your devotion.
You visited 1 branch of the dungeon, and saw 3 of its levels.

You collected 104 gold pieces.

Inventory:

Hand Weapons
 d - a +0 whip (weapon)
Missiles
 c - 10 boomerangs
Armour
 e - a +0 pair of boots (worn)
 g - a +0 helmet (worn)
 j - a +0 robe (worn)
 k - a +2 pair of gloves (worn)
 n - a cursed -1 cloak (worn)
Scrolls
 a - a scroll of remove curse {unknown}
 b - a scroll of enchant armour {unknown}
 f - 7 scrolls of identify
 h - 2 scrolls of blinking
 m - a scroll of fog {unknown}
 o - a scroll of magic mapping {unknown}
 p - a scroll of enchant weapon {unknown}
Potions
 i - a potion of heal wounds {unknown}
 l - a potion of resistance {unknown}


   Skills:
 - Level 1.1 Fighting
 + Level 3.8 Dodging
 + Level 4.0 Unarmed Combat
 + Level 2.6 Spellcasting
 * Level 4.4 Transmutations
 + Level 1.2 Poison Magic


You had 5 spell levels left.
You knew the following spells:

 Your Spells              Type           Power        Failure   Level
a - Beastly Appendage     Tmut           26%          3%          1
b - Spider Form           Tmut/Pois      4%           22%         3

Your spell library contained the following spells:

 Spells                   Type           Power        Failure   Level
 Wereblood                Tmut           13%          6%          2
 Ice Form                 Ice/Tmut       7%           67%         4
 Blade Hands              Tmut           6%           71%         5


Dungeon Overview and Level Annotations

Branches:
Dungeon (3/15)

Altars:
Jiyva

Annotations:
D:3 Ijyb


Message History

You see here the felid corpse of Natasha.
You feel yourself speed up.
You hear a distant slurping noise.
You hear a distant slurping noise.
You hear a distant slurping noise.
Jiyva appreciates your sacrifice.
p - a scroll labelled JEDENOCIYGG You hear a distant slurping noise.
Jiyva appreciates your sacrifice.
Magic restored.
You hear a distant slurping noise.
Ijyb the Twisted Goblin comes into view.
She is carrying a wand of disintegration (17).
Ijyb shouts!
Ijyb zaps a wand.
You are blasted!
Ouch! That really hurt!
* * * LOW HITPOINT WARNING * * *
Found a chain mail and a runed dagger.
Ijyb zaps a wand.
You are blasted!
Ouch! That really hurt!
You die...

## ..
####################.#####
#.............@..........[
#.##################g#####
#.#..............#. ..
#.#.###............ ...
#.#.#.....#.#.##.. .g.
#.#J#.#.#.....#.. ).
#.#.#.#.#.##..#.# .
###.#...#.#.#†..#.#
#.....###.#.#...#.#


You could see Ijyb.

Vanquished Creatures
  Jessica (D:1)
  An iguana (D:3)
  Natasha (D:3)
  An adder (D:2)
  A dart slug (D:1)
  3 leopard geckos
  6 giant cockroaches
  6 goblins
  4 hobgoblins (D:1)
  A ball python (D:1)
  3 bats (D:1)
  5 frilled lizards
  5 kobolds
  4 rats
42 creatures vanquished.

Vanquished Creatures (others)
  2 kobolds (D:3)
  6 plants (D:2)
8 creatures vanquished.

Grand Total: 50 creatures vanquished

Notes
Turn   | Place    | Note
-------+----------+-------------------------------------------
     0 | D:1      | wakim the Merfolk Transmuter began the quest for the Orb.
     0 | D:1      | Reached XP level 1. HP: 15/15 MP: 3/3
   108 | D:1      | Reached XP level 2. HP: 7/21 MP: 3/5
  1133 | D:1      | Reached XP level 3. HP: 25/26 MP: 4/6
  1430 | D:1      | Learned a level 3 spell: Spider Form
  1457 | D:2      | Noticed Jessica
  1491 | D:1      | Killed Jessica
  1746 | D:2      | Reached XP level 4. HP: 24/32 MP: 5/7
  2916 | D:2      | Found a faded altar of an unknown god.
  2927 | D:2      | Became a worshipper of Jiyva Jaof the Shapeless
  2927 | D:2      | Reached * piety under Jiyva
  3047 | D:3      | Reached skill level 1 in Poison Magic
  3068 | D:3      | Noticed Natasha
  3106 | D:3      | Killed Natasha
  3107 | D:3      | Reached XP level 5. HP: 28/37 MP: 4/8
  3145 | D:3      | Noticed Ijyb
  3149 | D:3      | Blown up by Ijyb

Illustrated notes

Levels and vault maps discovered:
D:1:      scummos_arrival_hexagon, layout_basic, palyth_stone_intersect
D:2:      layout_basic, chequers_ecumenical_altar_lobes, uniq_jessica
D:3:      layout_basic, kennysheep_generic_room_6, uniq_ijyb, uniq_natasha,
          uniq_crazy_yiuf_cottage

Skill      XL: |  1  2  3  4 |
---------------+-------------+-----
Dodging        | 3 |  3.8
Transmutations | 3 4 |  4.4
Poison Magic   | 1 |  1.2
Unarmed Combat | 4 |  4.0
Fighting       | |  1.1
Spellcasting   | |  2.6

Action                   |  1- 3 |  4- 6 || total
-------------------------+-------+-------++-------
Melee: Unarmed           |    13 |     8 ||    21
       Whip              |    88 |    42 ||   130
       Headbutt          |    13 |     3 ||    16
       Punch             |     1 |       ||     1
 Cast: Beastly Appendage |    20 |    11 ||    31
       Spider Form       |       |     2 ||     2
  Use: Scroll            |       |     2 ||     2
 Stab: Sleeping          |     2 |     1 ||     3
Armor: Robe              |    22 |     8 ||    30
Dodge: Dodged            |    80 |    28 ||   108
